 Dungeon Crawl Stone Soup version 0.30-a0-1112-gfb780f5df6 (webtiles) character file.

Game seed: 2109550904242156200

2305 pokedragonboy the Cleaver (level 9, -4/78 HPs)
             Began as a Hill Orc Fighter on Apr 19, 2023.
             Was a Priest of Zin.
             Slain by a yak (9 damage)
             ... on level 8 of the Dungeon.
             The game lasted 00:11:21 (7074 turns).

pokedragonboy the Cleaver (Hill Orc Fighter)        Turns: 7074, Time: 00:11:21

Health: -4/78      AC: 11    Str: 26    XL:     9   Next: 41%
Magic:  15/15      EV:  9    Int: 11    God:    Zin [***...]
Gold:   339        SH:  0    Dex: 13    Spells: 8/8 levels left

rFire   . . .      SeeInvis .    a - +1 war axe
rCold   . . .      Faith    .    c - +0 buckler
rNeg    . . .      Spirit   .    u - +0 scale mail
rPois   ∞          Reflect  .    m - +0 helmet
rElec   .          Rampage  .    y - +0 cloak
rCorr   .                        K - +0 pair of gloves
Will    .....                    (no boots) Stlth
                                 v - amulet of the acrobat
HPRegen 0.33/turn                r - ring of wizardry
MPRegen 0.14/turn                H - ring of poison resistance

@: confused, vitalised, ambrosia-drunk
A: no striking features
a: Renounce Religion, Recite, Vitalisation, Imprison, Donate Gold


You were on level 8 of the Dungeon.
You worshipped Zin.
Zin was most pleased with you.
You visited 2 branches of the dungeon, and saw 10 of its levels.

You collected 404 gold pieces.
You spent 28 gold pieces at shops.
You donated 37 gold pieces to Zin.

Inventory:

Hand Weapons
 a - a +1 war axe (weapon)
 b - a +1 flail of holy wrath
 F - a +0 battleaxe
Missiles
 w - 6 silver javelins (quivered)
Armour
 c - a +0 buckler (worn)
 m - a +0 helmet (worn)
 u - a +0 scale mail (worn)
 y - a +0 cloak (worn)
 K - a +0 pair of gloves (worn)
Magical Staves
 j - a staff of air
Jewellery
 r - a ring of wizardry (left hand)
 v - an amulet of the acrobat (around neck)
 H - a ring of poison resistance (right hand)
Wands
 B - a wand of polymorph (6)
Scrolls
 f - 2 scrolls of blinking {unknown}
 g - 3 scrolls of immolation
 l - 5 scrolls of teleportation
 o - a scroll of enchant armour {unknown}
 p - a scroll of enchant weapon
 q - a scroll of summoning {unknown}
 A - 2 scrolls of vulnerability {unknown}
 C - 4 scrolls of amnesia
 E - a scroll of poison {unknown}
 G - a scroll of brand weapon {unknown}
 I - a scroll of noise {unknown}
 J - a scroll of fog {unknown}
Potions
 d - 3 potions of might
 h - 3 potions of brilliance
 i - 4 potions of lignification
 n - 2 potions of ambrosia
 s - 2 potions of haste {unknown}
 t - 3 potions of flight {unknown}
 x - a potion of resistance {unknown}
 z - a potion of berserk rage {unknown}
 D - 4 potions of curing {unknown}
 L - a potion of degeneration {unknown}


   Skills:
 + Level 6.8 Fighting
 * Level 9.2 Axes
 + Level 6.2 Armour
 - Level 5.0 Shields
 * Level 8.8 Invocations


You had 8 spell levels left.
You didn't know any spells.
Your spell library contained the following spells:

 Spells                   Type           Power      Damage    Failure   Level
 Beastly Appendage        Tmut           0%         N/A       36%         1
 Sting                    Tmut/Pois      0%         1d3       36%         1
 Poisonous Vapours        Pois/Air       0%         N/A       50%         2
 Wereblood                Tmut           0%         N/A       50%         2
 Spider Form              Tmut/Pois      0%         N/A       71%         3
 Olgreb's Toxic Radiance  Pois           0%         N/A       98%         4


Dungeon Overview and Level Annotations

Branches:
Dungeon (9/15)             Temple (1/1) D:4
   Lair: D:8-11         Orc: D:9-12

Altars:
Ashenzari
Cheibriados
Dithmenos
Elyvilon
Fedhas
Gozag
Hepliaklqana
Makhleb
Nemelex Xobeh
Okawaru
Qazlal
Ru
Trog
Uskayaw
Vehumet
Wu Jian
Xom
Yredelemnul
Zin

Shops:
D:2 ([:[?

Annotations:
D:3 1 runed translucent door, varamyr's ghost, amateur DsFi


Message History

Unknown command.
You slash the yak!
The yak is heavily wounded.
You hit the yak but do no damage. You slash the yak! You barely miss the yak.
The yak gores you but does no damage. You block the yak's attack.
The yak gores you but does no damage. x2
Unknown command.
You hit the yak but do no damage.
The yak is heavily wounded.
You hit the yak. You slash the yak! You hit the yak. x2
You block the yak's attack. The yak gores you! The yak closely misses you.
The yak barely misses you. The yak gores you!
Unknown command.
You closely miss the yak.
The yak is lightly wounded.
You slash the yak! You barely miss the yak. You hit the yak.
You hit the yak but do no damage. The yak gores you!
The yak barely misses you. x2
You block the yak's attack.
A sleepcap comes into view.
The yak closely misses you.
You slash the yak!
The yak is heavily wounded.
You slash the yak! You closely miss the yak. You hit the yak.
You slash the yak! The yak gores you. The yak gores you but does no damage.
The yak barely misses you. The yak closely misses you. The yak gores you!
Unknown command.
You barely miss the yak.
The yak is heavily wounded.
You hit the yak but do no damage. You hit the yak. You slash the yak! x2
The yak gores you!
* * * LOW HITPOINT WARNING * * *
The yak barely misses you. The yak gores you!
* * * LOW HITPOINT WARNING * * *
The yak barely misses you. The yak gores you!
* * * LOW HITPOINT WARNING * * *
Okay, then.
Unknown command.
You are confused.
You feel invigorated.
The yak barely misses you. x2; The yak gores you!
You die...

### ... ..
###.####
#......##
####..YYY..#
#..f..Y@.#
#.##..Y....#
#......##
########


You could see 5 yaks and a sleepcap.

Vanquished Creatures
  Grinder (D:4)
  Edmund (D:6)
  3 sky beasts
  2 black bears (D:5)
  An ice beast (D:6)
  A phantom (D:6)
  2 kobold brigands
  A bullfrog (D:7)
  A gnoll sergeant (D:7)
  4 wights (D:7)
  A howler monkey (D:5)
  4 hounds
  4 jellies
  4 orc priests (D:5)
  Crazy Yiuf (D:3)
  2 iguanas
  Natasha (thrice) (D:3)
  5 orc wizards
  6 adders
  8 gnolls
  A worm (D:4)
  2 dart slugs
  8 orcs
  12 ball pythons
  3 endoplasms
  A giant cockroach (D:3)
  6 goblins
  6 hobgoblins
  3 jackals (D:1)
  2 quokkas (D:3)
  5 bats
  5 frilled lizards
  14 kobolds
  2 rats (D:1)
125 creatures vanquished.

Vanquished Creatures (others)
  2 plants (D:4)
2 creatures vanquished.

Grand Total: 127 creatures vanquished

Notes
Turn   | Place    | Note
-------+----------+-------------------------------------------
     0 | D:1      | pokedragonboy the Hill Orc Fighter began the quest for the
                  | Orb.
     0 | D:1      | Reached XP level 1. HP: 19/19 MP: 1/1
   131 | D:1      | Reached skill level 3 in Axes
   131 | D:1      | Reached skill level 1 in Invocations
   131 | D:1      | Reached XP level 2. HP: 27/27 MP: 2/2
   992 | D:2      | Reached XP level 3. HP: 33/33 MP: 4/4
   995 | D:2      | Found Eciely's Antique Armour Shop.
  1092 | D:2      | Found Baum's Antique Weapon Boutique.
  1274 | D:2      | Found Heopeo Capi's Book Boutique.
  1375 | D:2      | Found Osuvawn's Antique Armour Shop.
  1527 | D:2      | Reached XP level 4. HP: 35/40 MP: 5/5
  1668 | D:2      | Found Abbum's Magic Scroll Emporium.
  1671 | D:2      | Bought a scroll of identify for 28 gold pieces
  1941 | D:3      | Noticed Natasha
  1947 | D:3      | Killed Natasha
  1948 | D:3      | Reached skill level 4 in Axes
  1984 | D:2      | Reached XP level 5. HP: 26/46 MP: 7/7
  2184 | D:3      | Noticed Natasha
  2189 | D:3      | Killed Natasha
  2229 | D:3      | Noticed Natasha
  2239 | D:3      | Killed Natasha
  2587 | D:3      | Found a runed translucent door.
  2590 | D:3      | Noticed varamyr's ghost (amateur DsFi)
  2779 | D:3      | Found a runed translucent door.
  2780 | D:3      | Noticed Crazy Yiuf
  2790 | D:3      | Killed Crazy Yiuf
  2791 | D:3      | Reached XP level 6. HP: 23/53 MP: 8/8
  3115 | D:4      | Found a glowing silver altar of Zin.
  3146 | D:4      | Became a worshipper of Zin the Law-Giver
  3146 | D:4      | Reached * piety under Zin
  3238 | D:4      | Noticed Grinder
  3248 | D:4      | Paralysed by Grinder for 3 turns
  3255 | D:4      | Paralysed by Grinder for 5 turns
  3262 | D:4      | Killed Grinder
  3263 | D:4      | Reached skill level 5 in Axes
  3263 | D:4      | Reached XP level 7. HP: 35/60 MP: 10/10
  3374 | D:4      | Found a staircase to the Ecumenical Temple.
  3383 | D:4      | Reached ** piety under Zin
  3387 | Temple   | Entered the Ecumenical Temple
  3505 | D:4      | Reached skill level 5 in Invocations
  4012 | D:5      | Entered Level 5 of the Dungeon
  4137 | D:5      | Reached skill level 5 in Fighting
  4137 | D:5      | Reached skill level 6 in Axes
  4426 | D:5      | Reached XP level 8. HP: 19/68 MP: 12/12
  4737 | D:5      | Reached skill level 5 in Armour
  4872 | D:5      | Reached skill level 5 in Shields
  4976 | D:5      | Reached *** piety under Zin
  5257 | D:6      | Reached skill level 7 in Axes
  5362 | D:6      | Noticed Edmund
  5382 | D:6      | Killed Edmund
  6162 | D:6      | Reached skill level 8 in Axes
  6312 | D:7      | Reached XP level 9. HP: 66/75 MP: 14/14
  6638 | D:7      | Reached skill level 9 in Axes
  7026 | D:7      | You fall into a shaft and drop 2 floors!
  7073 | D:8      | HP: 1/78 [yak (8)]
  7074 | D:8      | Slain by a yak

Illustrated notes

Levels and vault maps discovered:
D:1:      lightli_arrival_statue_moat, layout_basic
D:2:      layout_basic, serial_shops, shop, nicolae_shop_window_shopping,
          nicolae_lakefront_shop, nicolae_shop_rolled_up, shop,
          minmay_indecisive_spiral
D:3:      layout_rooms, ebering_ghost_sewer_d, hangedman_decor_push,
          uniq_natasha, uniq_crazy_yiuf_cottage
D:4:      layout_basic, zin_statuary, minmay_temple_entry_gardened_gates,
          uniq_grinder
D:5:      layout_cave_pods, lightli_corner_chamber
D:6:      layout_cave_pods, nicolae_nh_ransacked_shop, uniq_edmund
D:7:      layout_loops_ring
D:8:      layout_loops_ring, lemuel_blue_sif_altar, david_lair_generic,
          serial_shops, kennysheep_little_box, nicolae_stop_n_shop_1,
          serial_aquarium, aquarium_bridge_square [aquarium_subvault_wall,
          aquarium_subvault_bridge, aquarium_subvault_window,
          aquarium_subvault_window], aquarium_window_corner,
          aquarium_window_double, aquarium_view_2c, aquarium_pool_five
D:9:      layout_loops_corners
Temple:   compressed_dpeg_circular_temple

Skill      XL: |  1  2  3  4  5  6  7  8  9 |
---------------+----------------------------+-----
Axes           | 3 4 5 6 8 9 |  9.2
Invocations    | 1 2 3 4 6 7 8 |  8.8
Fighting       | 4 5 6 |  6.8
Armour         | 4 5 6 |  6.2
Shields        | 4 5 |  5.0

Action                     |  1- 3 |  4- 6 |  7- 9 || total
---------------------------+-------+-------+-------++-------
  Melee: War axe           |    95 |   118 |   275 ||   488
 Invoke: Recite            |       |     1 |     7 ||     8
         Vitalisation      |       |       |     1 ||     1
    Use: Scroll            |       |     2 |     8 ||    10
         Potion            |       |       |     3 ||     3
 Armour: Scale mail        |    45 |    42 |   133 ||   220
  Dodge: Dodged            |    37 |    63 |   130 ||   230
  Block: Buckler           |    29 |    26 |    71 ||   126

Table legend: (Time is in decaauts)
 A = Elapsed time spent in this place.
 B = Non-inter-level travel time spent in this place.
 C = Inter-level travel time spent in this place.
 D = Time resting spent in this place.
 E = Time spent auto-exploring this place.
 F = Levels seen in this place.
 G = Mean time per level.
                   A        B        C        D        E       F      G
               +--------+--------+--------+--------+--------+-----+--------+
         Total |   7179 |   6985 |    194 |   1573 |   4180 |  10 |  717.9 |
       Dungeon |   7095 |   6910 |    185 |   1573 |   4121 |   9 |  788.3 |
        Temple |     83 |     74 |      9 |      0 |     59 |   1 |   83.0 |
               +--------+--------+--------+--------+--------+-----+--------+

Top non-repeatable levels by time:
     D:6: 1469 daAuts
     D:5: 1167 daAuts
     D:3: 1150 daAuts
     D:2: 1031 daAuts
     D:1: 971 daAuts
     D:4: 841 daAuts
     D:7: 415 daAuts
  Temple: 83 daAuts
     D:9: 40 daAuts
     D:8: 7 daAuts
